 Dungeon Crawl Stone Soup version 0.27.1-33-g824d729ab1 (webtiles) character file.

Game seed: 12150322121537383658

781 Atelerd the Digger (level 7, -4/45 HPs)
             Began as an Octopode Earth Elementalist on Dec 30, 2021.
             Killed by nerve-wracking pain
             ... invoked by Menkaure
              (13 damage)
             ... on level 4 of the Dungeon.
             The game lasted 00:06:24 (5451 turns).

Atelerd the Digger (Octopode Earth Elementalist)    Turns: 5451, Time: 00:06:25

Health: -4/45      AC:  1    Str:  8    XL:     7   Next: 85%
Magic:  14/14      EV: 13    Int: 19    God:
Gold:   45         SH:  5    Dex: 12    Spells: 5/15 levels left

rFire    . . .     SeeInvis +   n - +2 short sword (drain)
rCold    . . .     Faith    .   (no shield)
rNeg     . . .     Spirit   .   (helmet restricted)
rPois    .         Reflect  +   q - amulet of reflection
rElec    .         Harm     .   p - ring of wizardry
rCorr    +         Rampage  .   r - ring of see invisible
Will     .....                  s - ring of resist corrosion
Stlth    ++++......             (no ring)
HPRegen  0.15/turn              (no ring)
MPRegen  0.14/turn              (no ring)
                                (no ring)
                                (no ring)

@: no status effects
A: almost no armour, amphibious, 8 rings, camouflage 1, gelatinous body 1,
(nimble swimmer 1), tentacles
a: no special abilities


You were on level 4 of the Dungeon.
You visited 1 branch of the dungeon, and saw 5 of its levels.

You collected 209 gold pieces.
You spent 164 gold pieces at shops.

Inventory:

Hand Weapons
 h - a +0 short sword
 n - a +2 short sword of draining (weapon)
Missiles
 b - 95 stones
 k - a throwing net
Jewellery
 p - a ring of wizardry (left tentacle)
 q - an amulet of reflection (around mantle)
 r - a ring of see invisible (right tentacle)
 s - a ring of resist corrosion (on tentacle)
Wands
 y - a wand of iceblast (13)
Scrolls
 a - 3 scrolls of enchant weapon
 c - 5 scrolls of teleportation
 f - a scroll of torment
 g - 3 scrolls of enchant armour
 m - 2 scrolls of noise
 v - 2 scrolls of vulnerability
 x - a scroll of brand weapon
Potions
 e - a potion of heal wounds {unknown}
 i - a potion of brilliance {unknown}
 j - 2 potions of lignification
 l - a potion of haste
 o - 3 potions of cancellation {unknown}
 t - 2 potions of curing {unknown}
 u - 2 potions of might {unknown}
 w - 2 potions of attraction {unknown}


   Skills:
 - Level 2.0 Fighting
 - Level 2.0 Short Blades
 - Level 2.0 Dodging
 - Level 5.0 Stealth
 + Level 4.7 Spellcasting
 + Level 0.8 Conjurations
 - Level 2.0 Transmutations
 + Level 0.7 Ice Magic
 + Level 0.8 Air Magic
 + Level 5.5 Earth Magic


You had 5 spell levels left.
You knew the following spells:

 Your Spells              Type           Power      Damage    Failure   Level
a - Sandblast             Erth           50%        2d12      1%          1
b - Freezing Cloud        Conj/Ice/Air   3%         6-21      67%         5
p - Petrify               Tmut/Erth      18%        N/A       11%         4

Your spell library contained the following spells:

 Spells                   Type           Power      Damage    Failure   Level
 Passwall                 Tmut/Erth      15%        N/A       1%          2
 Stone Arrow              Conj/Erth      32%        3d9       4%          3
 Corpse Rot               Necr/Air       N/A        N/A       6%          2
 Poisonous Vapours        Pois/Air       12%        N/A       6%          2


Dungeon Overview and Level Annotations

Branches:
Dungeon (5/15)             Temple (0/1) D:5

Altars:

Shops:
D:1 *   D:5 *

Annotations:
D:3 exclusion: downstairs
D:4 exclusion: downstairs, Menkaure
D:5 Dowan, Duvessa


Innate Abilities, Weirdness & Mutations

You cannot wear most types of armour.
You are amphibious.
You can wear up to eight rings at the same time.
Your skin changes colour to match your surroundings (Stealth+).
Your rubbery body absorbs attacks. (AC +1, EV +1)
((You are camouflaged near water. (Stealth+)))
You have tentacles for arms and can constrict up to eight enemies at once.


Message History

The gnoll hits you from afar with a +0 spear.
Unknown command.
The gnoll barely misses you.
Menkaure casts a spell.
Menkaure seems to speed up.
The gnoll hits you with a +0 whip.
There is a stone staircase leading up here.
You climb upwards.
Level annotation: exclusion: 2 downstairs Your magical contamination has completely faded away.
There is a stone staircase leading down here.
You start resting.
HP restored.
You start resting.
Magic restored.
(D) Dungeon (T) Temple
Where to? (Enter - D:5, ? - help)
What level of the Dungeon? (default 1, ? - help)
There is a stone staircase leading down here.
You climb downwards.
Level annotation: Dowan, Duvessa, Menkaure The gnoll hits you with a +0 whip!
The gnoll hits you with a +0 whip.
There is a stone staircase leading up here.
The gnoll hits you with a +0 whip.
You climb upwards.
Level annotation: exclusion: downstairs
There is a stone staircase leading down here.
Unknown command.
Menkaure hits you!
* * * LOW HITPOINT WARNING * * *
Menkaure gestures wildly while chanting.
Menkaure seems to speed up.
Menkaure grins.
The gnoll hits you with a +0 whip.
Menkaure calls on the powers of darkness!
The gnoll convulses!
Your body is wracked with pain!
* * * LOW HITPOINT WARNING * * *
Menkaure's bandages flutter.
Menkaure gestures at you while chanting.
Pain shoots through your body!
You die...

#.# #..#.#.##.## #.# #..#.#....M.
#############.# #..#.####.##
###............M######..#.#....#
...)..........................>#
###.#####.......g#####....#.#..#
#.######..#.............#.#..#
#.#...##.........###....#.#..#
#.#.......#...@..###....#.#..##
#.#...#####...................M
#.###.# #..##...##....#.#..##
###.###.#####..#...............##
.^..................##<#..#......
....###.#####.###.........#...###
....................##.#..#...#
..............###.............#
....###.#####....<.....#.##...###


You could see Menkaure (fast) and a gnoll.

Vanquished Creatures
  2 black bears
  A necrophage (D:4)
  An ogre (D:4)
  A gnoll sergeant (D:5)
  A hound (D:4)
  A jelly (D:5)
  A bullfrog skeleton (D:5)
  Ijyb (D:5)
  An orc wizard (D:3)
  A hound skeleton (D:4)
  3 gnolls (D:5)
  7 adders
  An ufetubus (D:4)
  An adder skeleton (D:4)
  3 worms (D:2)
  2 dart slugs
  9 orcs
  15 ball pythons
  7 endoplasms
  8 giant cockroaches
  5 goblins
  8 hobgoblins
  6 kobolds
  4 quokkas
  5 bats
  7 frilled lizards
  7 rats
109 creatures vanquished.

Vanquished Creatures (others)
  6 fungi (D:2)
  A plant (D:2)
7 creatures vanquished.

Grand Total: 116 creatures vanquished

Notes
Turn   | Place    | Note
-------+----------+-------------------------------------------
     0 | D:1      | Atelerd the Octopode Earth Elementalist began the quest for
                  | the Orb.
     0 | D:1      | Reached XP level 1. HP: 11/11 MP: 3/3
   149 | D:1      | Reached XP level 2. HP: 17/17 MP: 1/5
   468 | D:1      | Reached XP level 3. HP: 20/21 MP: 1/6
   517 | D:1      | Found Jungyiz's Assorted Antiques.
   523 | D:1      | Bought a bubbling golden potion for 18 gold pieces
   523 | D:1      | Bought an inky potion for 18 gold pieces
  1425 | D:2      | Reached XP level 4. HP: 20/27 MP: 6/8
  1713 | D:2      | Found a faded altar of an unknown god.
  2003 | D:2      | Learned a level 4 spell: Petrify
  2201 | D:2      | Reached XP level 5. HP: 31/31 MP: 7/9
  3406 | D:4      | Reached XP level 6. HP: 22/37 MP: 8/11
  3565 | D:4      | Noticed a black bear
  3686 | D:1      | Bought a scroll labelled DEWUVO ELOTYAT for 20 gold pieces
  3686 | D:1      | Bought a scroll labelled DEWUVO ELOTYAT for 20 gold pieces
  3686 | D:1      | Bought a scroll labelled ATANGUSO YDOKH for 20 gold pieces
  3686 | D:1      | Bought a scroll labelled HISADO FEEDGH for 20 gold pieces
  3686 | D:1      | Bought a scroll labelled TERANN BOITUFU for 20 gold pieces
  3831 | D:4      | Noticed a necrophage
  3838 | D:4      | Killed a necrophage
  3839 | D:4      | Reached skill level 1 in Fighting
  3839 | D:4      | Reached skill level 1 in Short Blades
  3891 | D:4      | Killed a black bear
  4162 | D:4      | Reached skill level 5 in Earth Magic
  4162 | D:4      | Reached XP level 7. HP: 43/45 MP: 4/13
  4624 | D:5      | Entered Level 5 of the Dungeon
  4755 | D:5      | Noticed Dowan
  4756 | D:5      | Found a staircase to the Ecumenical Temple.
  4756 | D:5      | Noticed Duvessa
  4880 | D:5      | Noticed Ijyb
  4889 | D:5      | Killed Ijyb
  4950 | D:5      | Found Jarosudu's General Store.
  4957 | D:5      | Learned a level 5 spell: Freezing Cloud
  4964 | D:5      | Bought a scroll of identify for 28 gold pieces
  5250 | D:5      | Noticed Menkaure
  5268 | D:5      | Reached skill level 5 in Stealth
  5451 | D:4      | Killed from afar by Menkaure

Illustrated notes

Levels and vault maps discovered:
D:1:      psy_arrival_radial02, layout_loops_ring, serial_shops, shop_statue,
          serial_forest, infiniplex_forest_pool, infiniplex_forest_lined_room_2,
          infiniplex_forest_diagonal, infiniplex_forest_straight_1,
          minmay_pentomino_o4
D:2:      layout_basic, dreamdust_ecumenical_altar_grove, minmay_snake_closets
D:3:      layout_loops_ring
D:4:      layout_basic
D:5:      layout_loops_cross, minmay_temple_entry_large_hall, serial_shops,
          nicolae_shop_crystal, kennysheep_little_box, nicolae_lakefront_shop,
          minivault_27, uniq_duvessa, uniq_menkaure, uniq_ijyb

Skill      XL: |  1  2  3  4  5  6  7 |
---------------+----------------------+-----
Transmutations | 2 |  2.0
Spellcasting   | 3 4 |  4.7
Earth Magic    | 4 5 |  5.5
Fighting       | 2 |  2.0
Short Blades   | 2 |  2.0
Stealth        | 4 5 |  5.0
Dodging        | |  2.0
Conjurations   | |  0.8
Ice Magic      | |  0.7
Air Magic      | |  0.8

Action                   |  1- 3 |  4- 6 |  7- 9 || total
-------------------------+-------+-------+-------++-------
Melee: Unarmed           |    12 |       |       ||    12
       Constrict         |     8 |    17 |     4 ||    29
       Short sword       |    16 |    78 |    21 ||   115
       Tentacles         |     2 |     8 |     5 ||    15
 Cast: Sandblast         |    34 |    40 |    10 ||    84
       Petrify           |       |     4 |     9 ||    13
  Use: Scroll            |       |     5 |     4 ||     9
 Stab: Sleeping          |     5 |    13 |     2 ||    20
       Petrified         |       |     7 |    11 ||    18
Armor: Skin              |     4 |     4 |       ||     8
Dodge: Dodged            |    23 |    52 |     7 ||    82
Block: Other             |       |     8 |     3 ||    11
